 Dungeon Crawl Stone Soup version 0.17-a0-1435-geafbe2f (webtiles) character file.

2779 pulse the Cleaver (level 9, 0/78 HPs)
             Began as a Hill Orc Fighter on June 26, 2015.
             Was a Follower of Qazlal.
             Succumbed to a centaur's poison
             ... on level 7 of the Dungeon.
             The game lasted 00:26:19 (6677 turns).

pulse the Cleaver (Hill Orc Fighter)                Turns: 6677, Time: 00:26:20

Health: 0/78       AC: 20    Str: 22    XL:     9   Next: 70%
Magic:  10/10      EV: 10    Int:  8    God:    Qazlal [*.....]
Gold:   401        SH: 14    Dex: 15    Spells: 0 memorised, 8 levels left

rFire  . . .     SeeInvis .     o - +1 flail (protect)
rCold  . . .     Clarity  .     m - +0 plate armour
rNeg   . . .     SustAt   .     c - +1 shield
rPois  .         Gourm    .     y - +0 helmet
rElec  .         Spirit   .     (no cloak)
rCorr  .         Warding  .     C - +0 pair of gloves
rMut   .         Stasis   .     (no boots)
MR     .....                    (no amulet)
Stlth  ..........               (no ring)
                                k - ring of flight

@: agile, lethally poisoned (0 -> -12), not resistant to hostile enchantments,
extremely unstealthy
A: no striking features
a: Renounce Religion, Evoke Flight


You were on level 7 of the Dungeon.
You worshipped Qazlal.
Qazlal was aware of your devotion.
You were not hungry.

You visited 2 branches of the dungeon, and saw 8 of its levels.

You collected 401 gold pieces.

Inventory:

Hand weapons
 a - a +1 war axe
 d - a +1 hand axe of freezing
 o - a +1 flail of protection (weapon)
Armour
 c - a +1 shield (worn)
 m - a +0 plate armour (worn)
 y - a +0 helmet (worn)
 C - a +0 pair of gloves (worn)
Jewellery
 k - a ring of flight (left hand)
 B - an uncursed amulet of stasis
Magical devices
 j - a wand of disintegration (8)
 r - a wand of lightning (0)
 D - a wand of magic darts (0)
Scrolls
 b - 2 scrolls of fog
 g - 3 scrolls of enchant weapon
 i - a scroll of identify
 n - 4 scrolls of remove curse
 w - a scroll of enchant armour
 x - 4 scrolls of amnesia
 A - 3 scrolls of recharging
Potions
 h - a potion of cancellation
 p - a potion of cure mutation
 q - 2 potions of flight
 s - 2 potions of might
 t - a potion of agility
Comestibles
 e - a bread ration
 v - a meat ration
 z - 3 beef jerkies


   Skills:
 + Level 6.4 Fighting
 * Level 12.5 Axes
 + Level 5.6 Armour
 + Level 7.2 Shields
 * Level 1.8 Invocations


You had 8 spell levels left.
You didn't know any spells.

Dungeon Overview and Level Annotations

Branches:
Dungeon (7/15)             Temple (1/1) D:5

Altars:
Ashenzari
Cheibriados
Dithmenos
Elyvilon
Fedhas
Gozag
Kikubaaqudgha
Makhleb
Okawaru
Qazlal
Sif Muna
Trog
Vehumet
Zin


Message History

* * * LOW HITPOINT WARNING * * *
You feel sick.
The centaur shoots a poisoned arrow.
The poisoned arrow closely misses you.
* * * LOW HITPOINT WARNING * * *
You feel sick.
The centaur shoots a poisoned arrow.
You block the poisoned arrow.
You see here a poisoned arrow.
* * * LOW HITPOINT WARNING * * *
You feel sick.
The centaur shoots a poisoned arrow.
The poisoned arrow closely misses you.
* * * LOW HITPOINT WARNING * * *
You feel sick.
The centaur unwields an uncursed shortbow.
You block the centaur's attack.
Found a stone staircase leading down.
Unknown command.
You sock the centaur!
You kill the centaur!
Qazlal accepts your kill.
You die...

#.# ... .(........
#.##..## ......... #..
..# ......... #####..
.......# ... ....g# #
#.. #...#
#..#..############...###
>.....).............g...
.......@.(.(.........g..
######...(##############
.........# ####.....#
###### #.....# #.....
###...# #..... ....#
#..... ....# #.....
#.....


There were no monsters in sight!

Vanquished Creatures
  Pikel (D:4)
  Edmund (D:4)
  3 phantoms
  A necrophage (D:6)
  2 slaves (D:4)
  3 ogres
  2 centaurs (D:7)
  2 giant frogs
  4 scorpions
  The ghost of pulse the Covered, a weakling HuFi (D:6)
  3 crimson imps
  A jelly (D:6)
  A quasit (D:6)
  2 hounds (D:4)
  4 orc wizards
  6 orc priests
  An iguana (D:7)
  4 worker ants
  3 hound skeletons
  2 worker ant zombies
  10 adders
  15 gnolls
  A shadow imp (D:7)
  An ooze (D:5)
  An adder skeleton (D:5)
  2 worms
  5 giant geckos
  20 orcs
  2 ball pythons
  3 bat skeletons
  A bat zombie (D:5)
  17 goblins
  12 hobgoblins
  7 jackals
  3 quokkas
  7 bats
  5 giant cockroaches
  4 giant newts
  5 kobolds
  A quokka zombie (D:5)
  8 rats
177 creatures vanquished.

Vanquished Creatures (others)
  A phantom (D:4)
  A bat (D:4)
2 creatures vanquished.

Grand Total: 179 creatures vanquished

Notes
Turn   | Place    | Note
--------------------------------------------------------------
     0 | D:1      | pulse the Hill Orc Fighter began the quest for the Orb.
     0 | D:1      | Reached XP level 1. HP: 19/19 MP: 1/1
   354 | D:1      | Reached XP level 2. HP: 27/27 MP: 2/2
   356 | D:1      | Reached skill level 4 in Fighting
  1006 | D:2      | Reached XP level 3. HP: 33/33 MP: 3/3
  1050 | D:2      | Found a white marble altar of Elyvilon.
  1084 | D:2      | Found an iron altar of Okawaru.
  1979 | D:3      | Reached skill level 5 in Axes
  1979 | D:3      | Reached XP level 4. HP: 31/40 MP: 4/4
  2055 | D:3      | Noticed a giant frog
  2060 | D:3      | Killed a giant frog
  2060 | D:3      | Reached skill level 6 in Axes
  2060 | D:3      | Reached XP level 5. HP: 28/46 MP: 5/5
  2251 | D:3      | Reached skill level 7 in Axes
  2264 | D:3      | Noticed a phantom
  2276 | D:3      | Found a shattered altar of Ashenzari.
  2319 | D:3      | Killed a phantom
  2319 | D:3      | Reached skill level 8 in Axes
  2319 | D:3      | Reached XP level 6. HP: 22/52 MP: 6/6
  2756 | D:4      | Noticed Pikel
  2933 | D:4      | Reached skill level 9 in Axes
  3003 | D:4      | Found a deep blue altar of Sif Muna.
  3083 | D:4      | Found a blossoming altar of Fedhas.
  3084 | D:4      | Noticed Edmund
  3104 | D:4      | Killed Edmund
  3104 | D:4      | Reached XP level 7. HP: 59/59 MP: 7/7
  3326 | D:4      | Killed Pikel
  3326 | D:4      | Reached skill level 11 in Axes
  3326 | D:4      | Reached XP level 8. HP: 48/67 MP: 8/8
  4023 | D:5      | Entered Level 5 of the Dungeon
  4316 | D:5      | Reached skill level 5 in Shields
  4564 | D:5      | Found a staircase to the Ecumenical Temple.
  4617 | Temple   | Entered the Ecumenical Temple
  4702 | Temple   | Became a worshipper of Qazlal Stormbringer
  4815 | D:5      | Reached skill level 5 in Fighting
  4876 | D:5      | Reached skill level 12 in Axes
  4963 | D:5      | Reached XP level 9. HP: 45/74 MP: 9/9
  5128 | D:6      | Reached skill level 5 in Armour
  5467 | D:6      | Noticed pulse's ghost (weakling HuFi)
  5507 | D:6      | Killed pulse's ghost
  5629 | D:6      | Found a snail-covered altar of Cheibriados.
  5760 | D:6      | Acquired Qazlal's first power
  6417 | D:7      | Reached skill level 1 in Invocations
  6675 | D:7      | HP: 3/77 [poisoned by a centaur]
  6677 | D:7      | Succumbed to a centaur's poison

Vault maps used:
D:1:      tarquinn_simple_flora_water_c
D:2:      elyvilon_altar_5, okawaru_metal_pillars_1_2, first_bread,
          minmay_misc_feat_pillars
D:3:      ashenzari_altar_1
D:4:      kennysheep_mini_moat, nicolae_overflow_crystal_walls, uniq_pikel,
          uniq_edmund
D:5:      minmay_temple_entry_glass, minmay_bad_closet
D:6:      lemuel_doored_altar, grunt_decor_mini_mirrors
Temple:   circular_temple_pool_8

Action                   |  1- 3 |  4- 6 |  7- 9 || total
-------------------------+-------+-------+-------++-------
Melee: War axe           |   133 |    73 |       ||   206
       Hand axe          |       |   107 |       ||   107
       Flail             |       |       |   522 ||   522
Evoke: Wand              |       |       |     9 ||     9
  Use: Scroll            |     4 |    12 |     8 ||    24
       Potion            |     2 |     1 |     9 ||    12
  Eat: Bread ration      |     1 |       |       ||     1
       Chunk             |       |     2 |     9 ||    11
       Meat ration       |       |       |     1 ||     1
